Rampage vs Crunch
Created - December 4, 2021 at 23:21
Goals
|
| Rampage |
1 |
2 |
0 |
3 |
| Crunch |
3 |
0 |
2 |
5 |
|
Shots
|
| Rampage |
17 |
10 |
14 |
41 |
| Crunch |
16 |
4 |
11 |
31 |
|
1st period
1. Crunch , Dylan Strome 1 (Kevin Fiala 1, Dalton Smith 1) at 10:59
2. Rampage , Artturi Lehkonen 1 (T.J. Tynan 1) at 14:00
3. Crunch , William Nylander 1 (Brock Boeser 1, Christoffer Ehn 1) at 16:06 (PP)
4. Crunch , Brock Boeser 1 (William Nylander 1, Christoffer Ehn 2) at 19:21 (PP)
Penalties :
Kevan Miller (San) for Tripping (Minor) at 15:27, Ethan Bear (San) for High sticking (Minor) at 19:10
2nd period
5. Rampage , Jacob De La Rose 1 (Martin Frk 1, Ethan Bear 1) at 1:16
6. Rampage , T.J. Tynan 1 (Dylan Sikura 1, Artturi Lehkonen 1) at 10:34
Penalties :
Jordan Oesterle (Syr) for Diving (Minor) at 1:57, Noah Hanifin (Syr) for Slashing (Minor) at 7:53, Jordan Oesterle (Syr) for Hooking (Minor) at 12:44
3rd period
7. Crunch , Anthony Cirelli 1 (Teemu Hartikainen 1, Nicolas Aube-Kubel 1) at 5:02
8. Crunch , Christoffer Ehn 1 (Brock Boeser 2) at 19:23
Penalties :
William Nylander (Syr) for Hooking (Minor) at 5:19, Teemu Hartikainen (Syr) for Hooking (Minor) at 8:43, Brendan Guhle (Syr) for Hooking (Minor) at 9:00
Goalie Stats
Elvis Merzlikins (San), 26 saves from 31 shots - (0.839), L, 0-1-0, 59:51 minutes
Kaapo Kahkonen (Syr), 38 saves from 41 shots - (0.927), W, 1-0-0, 60:00 minutes
Players Stats for Rampage
Player Name G A P +/- PIM S H SB GA TA FO MP PP MP PK MP
------------------------------------------------------------------------------------
Artturi Lehkonen 1 1 2 2 0 2 0 0 0 0 0/0 6:33 0:00 0:00
Collin Miller 0 0 0 1 0 0 0 0 0 2 0/0 15:20 4:05 0:00
Dylan Sikura 0 1 1 2 0 0 1 0 0 0 0/0 6:33 0:00 0:00
Elias Lindholm 0 0 0 -2 0 3 2 1 0 0 12/26 21:42 4:39 0:00
Ethan Bear 0 1 1 2 2 1 0 3 0 2 0/0 21:23 6:07 0:00
Jack Roslovic 0 0 0 -1 0 8 1 0 3 0 7/26 18:32 5:33 0:00
Jacob De La Rose 1 0 1 1 0 4 2 0 0 0 6/9 13:11 0:00 0:50
Jordan Greenway 0 0 0 1 0 2 0 0 1 1 0/0 12:21 0:00 0:00
Kevan Miller 0 0 0 1 2 0 2 0 0 1 0/0 15:15 4:05 0:00
Kirill Kaprizov 0 0 0 -1 0 0 1 0 0 1 1/5 18:32 5:33 0:00
Martin Frk 0 1 1 1 0 6 0 0 0 0 0/0 12:23 0:00 0:00
Martin Marincin 0 0 0 -3 0 2 4 3 0 0 0/0 23:20 0:00 0:50
Petr Straka 0 0 0 -1 0 1 0 1 0 0 0/0 17:46 4:39 0:00
Roland McKeown 0 0 0 2 0 5 2 3 0 2 0/0 16:13 0:00 0:50
Roope Hintz 0 0 0 -2 0 1 1 1 0 2 2/2 22:34 4:39 0:50
T.J. Tynan 1 1 2 2 0 2 1 1 0 0 1/2 6:33 0:00 0:00
Timo Meier 0 0 0 -2 0 4 5 1 0 1 0/1 22:30 5:33 0:00
Tony DeAngelo 0 0 0 -3 0 0 3 0 1 4 0/0 28:27 6:07 0:00
Players Stats for Crunch
Player Name G A P +/- PIM S H SB GA TA FO MP PP MP PK MP
------------------------------------------------------------------------------------
Anatoli Golyshev 0 0 0 -3 0 0 0 0 1 0 0/0 7:30 0:00 0:07
Anthony Cirelli 1 0 1 1 0 4 0 0 0 0 6/13 12:48 0:24 1:18
Brendan Guhle 0 0 0 -1 2 3 0 2 0 1 0/0 18:51 0:00 3:56
Brock Boeser 1 2 3 1 0 6 3 1 2 0 0/0 20:20 0:26 1:45
Christoffer Ehn 1 2 3 1 0 1 1 0 0 0 16/30 17:24 0:26 0:12
Connor Bunnaman 0 0 0 -3 0 1 0 0 0 0 4/4 7:23 0:00 0:00
Dalton Smith 0 1 1 1 0 1 2 0 0 1 0/0 14:06 0:00 2:18
Dylan Strome 1 0 1 1 0 2 1 1 0 0 8/14 11:46 0:00 0:00
Jacob Larsson 0 0 0 0 0 0 1 1 1 0 0/0 14:56 0:00 4:13
Jeremy Lauzon 0 0 0 -1 0 2 1 0 1 0 0/0 19:03 0:00 4:15
Jordan Oesterle 0 0 0 1 4 0 3 1 3 0 0/0 26:38 0:50 3:25
Kevin Fiala 0 1 1 1 0 0 1 0 3 0 0/0 13:29 0:00 0:00
Mitch Callahan 0 0 0 -3 0 0 2 0 1 0 1/1 10:32 0:00 2:55
Nicolas Aube-Kubel 0 1 1 1 0 2 1 0 2 1 1/1 15:06 0:24 1:45
Noah Hanifin 0 0 0 1 2 1 2 3 2 1 0/0 27:41 0:50 4:34
Sean Walker 0 0 0 0 0 0 1 2 0 1 0/0 13:17 0:00 0:00
Teemu Hartikainen 0 1 1 1 2 3 7 2 0 0 0/0 15:36 0:24 4:03
William Nylander 1 1 2 1 2 5 3 1 0 0 6/8 21:34 0:26 4:19
3 Stars
1 - Brock Boeser (Syr)
2 - Christoffer Ehn (Syr)
3 - William Nylander (Syr)
Power Play
Rampage - 0 on 6 Attempt(s) - 0.00%
Crunch - 2 on 2 Attempt(s) - 100.00%
Penalty Kill
Rampage - 0 on 2 Attempt(s) - 0.00%
- Score 0 goal in Penalty Kill
Crunch - 6 on 6 Attempt(s) - 100.00%
- Score 0 goal in Penalty Kill
Team Stat
Rampage - Hits : 25 - Faceoff Wins : 29 - Blocked Shots : 14 - Penalty Minutes : 4
Crunch - Hits : 29 - Faceoff Wins : 42 - Blocked Shots : 14 - Penalty Minutes : 12
Official
Referees : Gord Dwyer and TJ Luxmore
Linesman : Kiel Murchison and Jesse Marquis
Game Notes
No Game Note
Finance
Level 1 -- Attendance: 1933 (96.65%) -- Ticket Income $67,655
Level 2 -- Attendance: 1000 (100.00%) -- Ticket Income $15,000
Total Attendance: 2933 (97.77%)
Total Ticket Income: $82,655
Other Income: $4,133
Total Income: $86,788
Rampage
5 vs 5 Forward
Center Left Wing Right Wing Time % Phy DF OF
1 Elias Lindholm Roope Hintz Timo Meier 40 1 2 2
2 Jack Roslovic Kirill Kaprizov Petr Straka 30 1 2 2
3 Jacob De La Rose Jordan Greenway Martin Frk 20 1 2 2
4 T.J. Tynan Artturi Lehkonen Dylan Sikura 10 1 2 2
5 vs 5 Defense
Defense Defense Time % Phy DF OF
1 Martin Marincin Tony DeAngelo 40 1 2 2
2 Roland McKeown Ethan Bear 30 1 2 2
3 Kevan Miller Collin Miller 20 1 2 2
4 Martin Marincin Tony DeAngelo 10 1 2 2
PowerPlay Forward
Center Left Wing Right Wing Time % Phy DF OF
1 Jack Roslovic Kirill Kaprizov Timo Meier 60 1 2 2
2 Elias Lindholm Roope Hintz Petr Straka 40 1 2 2
PowerPlay Defense
Defense Defense Time % Phy DF OF
1 Ethan Bear Tony DeAngelo 60 1 2 2
2 Kevan Miller Collin Miller 40 1 2 2
Penalty Kill 4 Players Forward
Center Wing Time % Phy DF OF
1 Jacob De La Rose Roope Hintz 60 1 2 2
2 T.J. Tynan Dylan Sikura 40 1 2 2
Penalty Kill 4 Players Defense
Defense Defense Time % Phy DF OF
1 Martin Marincin Roland McKeown 60 1 2 2
2 Tony DeAngelo Collin Miller 40 1 2 2
Penalty Kill - 3 Players Forward
Forward Time % Phy DF OF
1 T.J. Tynan 60 1 2 2
2 Jacob De La Rose 40 1 2 2
Penalty Kill - 3 Players Defense
Defense Defense Time % Phy DF OF
1 Martin Marincin Tony DeAngelo 60 1 2 2
2 Roland McKeown Collin Miller 40 1 2 2
4 vs 4 Forward
Center Wing Time % Phy DF OF
1 Elias Lindholm Timo Meier 60 1 2 2
2 T.J. Tynan Roope Hintz 40 1 2 2
4 vs 4 Defense
Defense Defense Time % Phy DF OF
1 Martin Marincin Tony DeAngelo 60 1 2 2
2 Roland McKeown Collin Miller 40 1 2 2
Last Minutes Offensive
Center Left Wing Right Wing Defense Defense
Elias Lindholm Roope Hintz Timo Meier Martin Marincin Tony DeAngelo
Last Minutes Defensive
Center Left Wing Right Wing Defense Defense
T.J. Tynan Jacob De La Rose Dylan Sikura Martin Marincin Roland McKeown
Goaltenders
Starting : Elvis Merzlikins
Backup : Brandon Halverson
Extra Forwards
Normal : Martin Frk, Roope Hintz, Jack Roslovic - PP : Martin Frk, Roope Hintz - PK : Jack Roslovic
Extra Defensemen
Normal : Kevan Miller, Ethan Bear, Roland McKeown - PP : Kevan Miller - PK : Ethan Bear, Roland McKeown
Penalty Shots
Jack Roslovic, Petr Straka, Elias Lindholm, Roope Hintz, T.J. Tynan
Scratches
Adam Clendening (Healthy), Hudson Fasching (Healthy), Nikita Nesterov (Healthy), Scott Wilson (Healthy), Dylan Gambrell (Healthy)
Nicholas Caamano (Healthy), Eamon McAdam (Healthy)
Crunch
5 vs 5 Forward
Center Left Wing Right Wing Time % Phy DF OF
1 Christoffer Ehn William Nylander Brock Boeser 40 1 2 2
2 Anthony Cirelli Teemu Hartikainen Nicolas Aube-Kubel 30 1 2 2
3 Dylan Strome Dalton Smith Kevin Fiala 20 1 2 2
4 Connor Bunnaman Anatoli Golyshev Mitch Callahan 10 1 2 2
5 vs 5 Defense
Defense Defense Time % Phy DF OF
1 Jordan Oesterle Noah Hanifin 40 1 2 2
2 Brendan Guhle Jeremy Lauzon 30 1 2 2
3 Sean Walker Jacob Larsson 20 1 2 2
4 Jordan Oesterle Noah Hanifin 10 1 2 2
PowerPlay Forward
Center Left Wing Right Wing Time % Phy DF OF
1 Christoffer Ehn William Nylander Brock Boeser 60 1 2 2
2 Anthony Cirelli Teemu Hartikainen Nicolas Aube-Kubel 40 1 2 2
PowerPlay Defense
Defense Defense Time % Phy DF OF
1 Jordan Oesterle Noah Hanifin 60 1 2 2
2 Brendan Guhle Jeremy Lauzon 40 1 2 2
Penalty Kill 4 Players Forward
Center Wing Time % Phy DF OF
1 William Nylander Teemu Hartikainen 60 1 2 2
2 Brock Boeser Nicolas Aube-Kubel 40 1 2 2
Penalty Kill 4 Players Defense
Defense Defense Time % Phy DF OF
1 Jordan Oesterle Noah Hanifin 60 1 2 2
2 Brendan Guhle Jeremy Lauzon 40 1 2 2
Penalty Kill - 3 Players Forward
Forward Time % Phy DF OF
1 William Nylander 60 1 2 2
2 Teemu Hartikainen 40 1 2 2
Penalty Kill - 3 Players Defense
Defense Defense Time % Phy DF OF
1 Jordan Oesterle Noah Hanifin 60 1 2 2
2 Brendan Guhle Jeremy Lauzon 40 1 2 2
4 vs 4 Forward
Center Wing Time % Phy DF OF
1 William Nylander Teemu Hartikainen 60 1 2 2
2 Brock Boeser Nicolas Aube-Kubel 40 1 2 2
4 vs 4 Defense
Defense Defense Time % Phy DF OF
1 Jordan Oesterle Noah Hanifin 60 1 2 2
2 Brendan Guhle Jeremy Lauzon 40 1 2 2
Last Minutes Offensive
Center Left Wing Right Wing Defense Defense
Christoffer Ehn William Nylander Brock Boeser Jordan Oesterle Noah Hanifin
Last Minutes Defensive
Center Left Wing Right Wing Defense Defense
Christoffer Ehn William Nylander Brock Boeser Jordan Oesterle Noah Hanifin
Goaltenders
Starting : Kaapo Kahkonen
Backup : Josef Korenar
Extra Forwards
Normal : Kevin Fiala, Dalton Smith, Mitch Callahan - PP : Kevin Fiala, Dalton Smith - PK : Mitch Callahan
Extra Defensemen
Normal : Sean Walker, Jacob Larsson, Brendan Guhle - PP : Sean Walker - PK : Jacob Larsson, Brendan Guhle
Penalty Shots
William Nylander, Teemu Hartikainen, Brock Boeser, Nicolas Aube-Kubel, Christoffer Ehn
Scratches
Charles-Olivier Roussel (Healthy), Kyle Capobianco (Healthy), Max McCormick (Healthy), Michael Downing (Healthy)
% Time on Ice - Rampage
Lines # - Real PCT - Wanted PCT - Time Play
Normal Forward
1 - 34% - 40% - 16:30
2 - 27% - 30% - 13:07
3 - 25% - 20% - 12:21
4 - 14% - 10% - 6:33
Normal Defense
1 - 40% - 40% - 19:18
2 - 33% - 30% - 15:50
3 - 22% - 20% - 10:31
4 - 6% - 10% - 2:52
PP Forward
1 - 54% - 60% - 5:33
2 - 46% - 40% - 4:39
PP Defense
1 - 60% - 60% - 6:07
2 - 40% - 40% - 4:05
PK Forward
1 - 100% - 60% - 0:50
2 - 0% - 40% - 0:00
PK Defense
1 - 100% - 60% - 0:50
2 - 0% - 40% - 0:00
PK3 Forward
1 - 0% - 60%
2 - 0% - 40%
PK3 Defense
1 - 0% - 60%
2 - 0% - 40%
44 Forward
1 - 0% - 60%
2 - 0% - 40%
44 Defense
1 - 0% - 60%
2 - 0% - 40%
Last Minute Offensive - 0:27
Last Minute Defensive - 0:00
Total
Forward - 60:00
Defense - 60:00
|
% Time on Ice - Crunch
Lines # - Real PCT - Wanted PCT - Time Play
Normal Forward
1 - 34% - 40% - 16:24
2 - 27% - 30% - 12:57
3 - 24% - 20% - 11:46
4 - 15% - 10% - 7:23
Normal Defense
1 - 40% - 40% - 19:38
2 - 32% - 30% - 15:26
3 - 23% - 20% - 11:07
4 - 5% - 10% - 2:19
PP Forward
1 - 52% - 60% - 0:26
2 - 48% - 40% - 0:24
PP Defense
1 - 100% - 60% - 0:50
2 - 0% - 40% - 0:00
PK Forward
1 - 79% - 60% - 6:42
2 - 21% - 40% - 1:48
PK Defense
1 - 67% - 60% - 5:43
2 - 33% - 40% - 2:47
PK3 Forward
1 - 69% - 60% - 1:10
2 - 31% - 40% - 0:32
PK3 Defense
1 - 60% - 60% - 1:01
2 - 40% - 40% - 0:41
44 Forward
1 - 0% - 60%
2 - 0% - 40%
44 Defense
1 - 0% - 60%
2 - 0% - 40%
Last Minute Offensive - 0:00
Last Minute Defensive - 0:28
Total
Forward - 60:00
Defense - 60:00
|
Play-by-Play
1st period
0:01 of 1st period - Elias Lindholm wins face-off versus Christoffer Ehn in neutral zone.
0:04 of 1st period - Wrist shot by Elias Lindholm.
0:04 of 1st period - Stopped by Kaapo Kahkonen with a rebound.
0:14 of 1st period - Snap shot by Christoffer Ehn.
0:14 of 1st period - Shot Misses the Net.
0:16 of 1st period - Snap shot by Noah Hanifin.
0:16 of 1st period - Stopped by Elvis Merzlikins with a rebound.
0:28 of 1st period - Wrist shot by Petr Straka.
0:28 of 1st period - Deflect By Jack Roslovic.
0:28 of 1st period - Stopped by Kaapo Kahkonen with a rebound.
0:30 of 1st period - Wrist shot by Petr Straka.
0:30 of 1st period - Shot Blocked by Teemu Hartikainen.
1:40 of 1st period - Slapshot by Petr Straka.
1:40 of 1st period - Shot Misses the Net.
1:42 of 1st period - Snap shot by Kirill Kaprizov.
1:42 of 1st period - Shot Misses the Net.
1:52 of 1st period - Brendan Guhle is hit by Elias Lindholm and loses puck.
2:01 of 1st period - Snap shot by Connor Bunnaman.
2:01 of 1st period - Stopped by Elvis Merzlikins with a rebound.
2:03 of 1st period - Slapshot by Sean Walker.
2:03 of 1st period - Shot Misses the Net.
2:29 of 1st period - Wrist shot by Timo Meier.
2:29 of 1st period - Stopped by Kaapo Kahkonen without a rebound.
2:30 of 1st period - Christoffer Ehn wins face-off versus Jack Roslovic in Crunch zone.
2:57 of 1st period - Icing by Martin Frk.
2:58 of 1st period - Jacob De La Rose wins face-off versus Anthony Cirelli in Rampage zone.
4:22 of 1st period - Martin Marincin is hit by Teemu Hartikainen and loses puck.
4:31 of 1st period - Slapshot by Nicolas Aube-Kubel.
4:31 of 1st period - Deflect By Jacob De La Rose.
4:31 of 1st period - Shot Misses the Net.
4:31 of 1st period - Puck is out of play.
4:32 of 1st period - Elias Lindholm wins face-off versus Christoffer Ehn in Rampage zone.
4:45 of 1st period - Snap shot by Timo Meier.
4:45 of 1st period - Stopped by Kaapo Kahkonen without a rebound.
4:46 of 1st period - Christoffer Ehn wins face-off versus Kirill Kaprizov in Crunch zone.
4:59 of 1st period - Wrist shot by Jack Roslovic.
4:59 of 1st period - Stopped by Kaapo Kahkonen with a rebound.
5:01 of 1st period - Snap shot by Jack Roslovic.
5:01 of 1st period - Shot Blocked by Noah Hanifin.
5:32 of 1st period - Slapshot by Jordan Oesterle.
5:32 of 1st period - Shot Blocked by T.J. Tynan.
5:38 of 1st period - Noah Hanifin is hit by T.J. Tynan.
6:14 of 1st period - Jacob Larsson is hit by Timo Meier and loses puck.
6:58 of 1st period - Icing by Martin Marincin.
6:59 of 1st period - T.J. Tynan wins face-off versus Anthony Cirelli in Rampage zone.
7:08 of 1st period - Snap shot by Nicolas Aube-Kubel.
7:08 of 1st period - Shot Misses the Net.
7:12 of 1st period - Wrist shot by Teemu Hartikainen.
7:12 of 1st period - Shot Blocked by Petr Straka.
7:24 of 1st period - Snap shot by Dalton Smith.
7:24 of 1st period - Stopped by Elvis Merzlikins without a rebound.
7:25 of 1st period - Dylan Strome wins face-off versus Elias Lindholm in Rampage zone.
7:28 of 1st period - Snap shot by Kevin Fiala.
7:28 of 1st period - Shot Misses the Net.
7:30 of 1st period - Slapshot by Brendan Guhle.
7:30 of 1st period - Stopped by Elvis Merzlikins with a rebound.
7:32 of 1st period - Wrist shot by Jeremy Lauzon.
7:32 of 1st period - Stopped by Elvis Merzlikins with a rebound.
7:36 of 1st period - Backhand shot by Dylan Strome.
7:36 of 1st period - Stopped by Elvis Merzlikins with a rebound.
7:38 of 1st period - Slapshot by Brendan Guhle.
7:38 of 1st period - Shot Blocked by Ethan Bear.
7:40 of 1st period - Slapshot by Jeremy Lauzon.
7:40 of 1st period - Shot Blocked by Roland McKeown.
8:17 of 1st period - Wrist shot by Jack Roslovic.
8:17 of 1st period - Shot Misses the Net.
8:19 of 1st period - Slapshot by Ethan Bear.
8:19 of 1st period - Stopped by Kaapo Kahkonen without a rebound.
8:20 of 1st period - Elias Lindholm wins face-off versus Christoffer Ehn in Crunch zone.
8:32 of 1st period - Icing by Sean Walker.
8:33 of 1st period - Christoffer Ehn wins face-off versus Elias Lindholm in Crunch zone.
8:46 of 1st period - Snap shot by William Nylander.
8:46 of 1st period - Shot Misses the Net.
9:22 of 1st period - Slapshot by Brock Boeser.
9:22 of 1st period - Stopped by Elvis Merzlikins without a rebound.
9:23 of 1st period - Dylan Strome wins face-off versus Jack Roslovic in Rampage zone.
10:37 of 1st period - Icing by Jeremy Lauzon.
10:38 of 1st period - Elias Lindholm wins face-off versus Dylan Strome in Crunch zone.
10:39 of 1st period - Snap shot by Roope Hintz.
10:39 of 1st period - Stopped by Kaapo Kahkonen with a rebound.
10:57 of 1st period - Backhand shot by Kevin Fiala.
10:57 of 1st period - Shot Misses the Net.
10:59 of 1st period - Snap shot by Dylan Strome.
10:59 of 1st period - Goal by Dylan Strome - Rampage : 0 - Crunch : 1.
11:00 of 1st period - Christoffer Ehn wins face-off versus Elias Lindholm in neutral zone.
12:08 of 1st period - Elias Lindholm is hit by Jordan Oesterle and loses puck.
13:13 of 1st period - Slapshot by Brock Boeser.
13:13 of 1st period - Stopped by Elvis Merzlikins without a rebound.
13:14 of 1st period - Anthony Cirelli wins face-off versus Jack Roslovic in Rampage zone.
13:23 of 1st period - Snap shot by Petr Straka.
13:23 of 1st period - Shot Misses the Net.
13:25 of 1st period - Slapshot by Jack Roslovic.
13:25 of 1st period - Shot Misses the Net.
13:27 of 1st period - Wrist shot by Petr Straka.
13:27 of 1st period - Shot Misses the Net.
13:29 of 1st period - Snap shot by Roland McKeown.
13:29 of 1st period - Deflect By Brendan Guhle.
13:29 of 1st period - Stopped by Kaapo Kahkonen with a rebound.
13:39 of 1st period - Jacob De La Rose is hit by Kevin Fiala and loses puck.
14:00 of 1st period - Snap shot by Artturi Lehkonen.
14:00 of 1st period - Goal by Artturi Lehkonen - Rampage : 1 - Crunch : 1.
14:01 of 1st period - Anthony Cirelli wins face-off versus Kirill Kaprizov in neutral zone.
15:27 of 1st period - Minor Penalty to Kevan Miller for Tripping.
15:28 of 1st period - Nicolas Aube-Kubel wins face-off versus Jacob De La Rose in Rampage zone.
15:35 of 1st period - Slapshot by Teemu Hartikainen.
15:35 of 1st period - Stopped by Elvis Merzlikins without a rebound.
15:36 of 1st period - Jacob De La Rose wins face-off versus Anthony Cirelli in Rampage zone.
16:06 of 1st period - Snap shot by William Nylander.
16:06 of 1st period - Goal by William Nylander - Rampage : 1 - Crunch : 2.
16:07 of 1st period - Christoffer Ehn wins face-off versus Jack Roslovic in neutral zone.
16:16 of 1st period - Snap shot by Petr Straka.
16:16 of 1st period - Shot Misses the Net.
16:18 of 1st period - Snap shot by Jack Roslovic.
16:18 of 1st period - Shot Blocked by Brock Boeser.
16:20 of 1st period - Snap shot by Jack Roslovic.
16:20 of 1st period - Stopped by Kaapo Kahkonen with a rebound.
16:22 of 1st period - Slapshot by Tony DeAngelo.
16:22 of 1st period - Shot Misses the Net.
16:40 of 1st period - Off-side.
16:41 of 1st period - Anthony Cirelli wins face-off versus Jack Roslovic in neutral zone.
16:49 of 1st period - Off-side.
16:50 of 1st period - Jack Roslovic wins face-off versus Anthony Cirelli in neutral zone.
16:53 of 1st period - Snap shot by Kirill Kaprizov.
16:53 of 1st period - Deflect By Jack Roslovic.
16:53 of 1st period - Stopped by Kaapo Kahkonen without a rebound.
16:54 of 1st period - Christoffer Ehn wins face-off versus Jack Roslovic in Crunch zone.
17:24 of 1st period - Snap shot by Martin Frk.
17:24 of 1st period - Stopped by Kaapo Kahkonen without a rebound.
17:25 of 1st period - Anthony Cirelli wins face-off versus Jacob De La Rose in Crunch zone.
17:40 of 1st period - Wrist shot by Nicolas Aube-Kubel.
17:40 of 1st period - Shot Misses the Net.
17:42 of 1st period - Snap shot by Nicolas Aube-Kubel.
17:42 of 1st period - Shot Blocked by Roland McKeown.
17:44 of 1st period - Wrist shot by Jeremy Lauzon.
17:44 of 1st period - Stopped by Elvis Merzlikins with a rebound.
17:46 of 1st period - Slapshot by Teemu Hartikainen.
17:46 of 1st period - Shot Blocked by Ethan Bear.
17:48 of 1st period - Wrist shot by Anthony Cirelli.
17:48 of 1st period - Stopped by Elvis Merzlikins with a rebound.
17:50 of 1st period - Slapshot by Brendan Guhle.
17:50 of 1st period - Stopped by Elvis Merzlikins without a rebound.
17:51 of 1st period - Roope Hintz wins face-off versus Christoffer Ehn in Rampage zone.
18:43 of 1st period - Wrist shot by Martin Frk.
18:43 of 1st period - Stopped by Kaapo Kahkonen with a rebound.
18:45 of 1st period - Wrist shot by Roland McKeown.
18:45 of 1st period - Stopped by Kaapo Kahkonen with a rebound.
18:47 of 1st period - Slapshot by Roland McKeown.
18:47 of 1st period - Deflect By Sean Walker.
18:47 of 1st period - Stopped by Kaapo Kahkonen without a rebound.
18:48 of 1st period - Christoffer Ehn wins face-off versus Elias Lindholm in Crunch zone.
18:48 of 1st period - Christoffer Ehn is hit by Timo Meier.
19:02 of 1st period - Slapshot by Brock Boeser.
19:02 of 1st period - Stopped by Elvis Merzlikins with a rebound.
19:04 of 1st period - Snap shot by Noah Hanifin.
19:04 of 1st period - Shot Blocked by Ethan Bear.
19:10 of 1st period - Minor Penalty to Ethan Bear for High sticking.
19:11 of 1st period - Jacob De La Rose wins face-off versus Christoffer Ehn in Rampage zone.
19:11 of 1st period - Jacob De La Rose is hit by Brock Boeser.
19:21 of 1st period - Snap shot by Brock Boeser.
19:21 of 1st period - Goal by Brock Boeser - Rampage : 1 - Crunch : 3.
19:22 of 1st period - Christoffer Ehn wins face-off versus Elias Lindholm in neutral zone.
19:24 of 1st period - Off-side.
19:25 of 1st period - Elias Lindholm wins face-off versus Christoffer Ehn in neutral zone.
19:30 of 1st period - Slapshot by Elias Lindholm.
19:30 of 1st period - Stopped by Kaapo Kahkonen with a rebound.
19:52 of 1st period - Backhand shot by Teemu Hartikainen.
19:52 of 1st period - Shot Misses the Net.
19:58 of 1st period - Slapshot by Jack Roslovic.
19:58 of 1st period - Stopped by Kaapo Kahkonen with a rebound.
Goals for this period are 1 for Rampage vs 3 for Crunch.
Shots for this period are 17 for Rampage vs 16 for Crunch.
2nd period
0:01 of 2nd period - Christoffer Ehn wins face-off versus Elias Lindholm in neutral zone.
0:04 of 2nd period - Slapshot by Noah Hanifin.
0:04 of 2nd period - Shot Blocked by Elias Lindholm.
0:26 of 2nd period - Tony DeAngelo is hit by Teemu Hartikainen.
1:16 of 2nd period - Slapshot by Jacob De La Rose.
1:16 of 2nd period - Goal by Jacob De La Rose - Rampage : 2 - Crunch : 3.
1:17 of 2nd period - Christoffer Ehn wins face-off versus Elias Lindholm in neutral zone.
1:22 of 2nd period - Snap shot by William Nylander.
1:22 of 2nd period - Shot Blocked by Roope Hintz.
1:42 of 2nd period - William Nylander is hit by Jacob De La Rose and loses puck.
1:47 of 2nd period - Wrist shot by Jacob De La Rose.
1:47 of 2nd period - Deflect By Martin Frk.
1:47 of 2nd period - Shot Blocked by Brendan Guhle.
1:47 of 2nd period - Puck is out of play.
1:48 of 2nd period - Jacob De La Rose wins face-off versus Anthony Cirelli in Crunch zone.
1:54 of 2nd period - Ethan Bear is hit by Jordan Oesterle.
1:57 of 2nd period - Minor Penalty to Jordan Oesterle for Diving.
1:58 of 2nd period - William Nylander wins face-off versus Kirill Kaprizov in Crunch zone.
3:06 of 2nd period - Jack Roslovic is hit by Dalton Smith and loses puck.
3:57 of 2nd period - Penalty to Jordan Oesterle is over, Jordan Oesterle is back on ice.
4:28 of 2nd period - Tony DeAngelo is hit by Mitch Callahan and loses puck.
4:53 of 2nd period - Dylan Sikura is hit by William Nylander and loses puck.
5:39 of 2nd period - Slapshot by Anthony Cirelli.
5:39 of 2nd period - Stopped by Elvis Merzlikins without a rebound.
5:40 of 2nd period - Jack Roslovic wins face-off versus Anthony Cirelli in Rampage zone.
5:40 of 2nd period - Jack Roslovic is hit by Nicolas Aube-Kubel.
5:54 of 2nd period - Slapshot by Teemu Hartikainen.
5:54 of 2nd period - Stopped by Elvis Merzlikins without a rebound.
5:55 of 2nd period - Dylan Strome wins face-off versus Elias Lindholm in Rampage zone.
5:56 of 2nd period - Slapshot by Dalton Smith.
5:56 of 2nd period - Shot Misses the Net.
7:05 of 2nd period - Wrist shot by Dylan Sikura.
7:05 of 2nd period - Shot Misses the Net.
7:27 of 2nd period - Timo Meier is hit by Sean Walker and loses puck.
7:34 of 2nd period - Snap shot by Kevan Miller.
7:34 of 2nd period - Deflect By Elias Lindholm.
7:34 of 2nd period - Shot Misses the Net.
7:34 of 2nd period - Puck is out of play.
7:35 of 2nd period - Jack Roslovic wins face-off versus Dylan Strome in Crunch zone.
7:40 of 2nd period - Wrist shot by Jack Roslovic.
7:40 of 2nd period - Stopped by Kaapo Kahkonen with a rebound.
7:53 of 2nd period - Minor Penalty to Noah Hanifin for Slashing.
7:54 of 2nd period - William Nylander wins face-off versus Kirill Kaprizov in Crunch zone.
9:09 of 2nd period - Timo Meier is hit by Brock Boeser and loses puck.
9:16 of 2nd period - Nicolas Aube-Kubel is hit by Timo Meier and loses puck.
9:31 of 2nd period - Tony DeAngelo is hit by Teemu Hartikainen.
9:53 of 2nd period - Penalty to Noah Hanifin is over, Noah Hanifin is back on ice.
10:01 of 2nd period - Snap shot by Jacob De La Rose.
10:01 of 2nd period - Shot Misses the Net.
10:03 of 2nd period - Backhand shot by Martin Frk.
10:03 of 2nd period - Deflect By Jacob De La Rose.
10:03 of 2nd period - Shot Misses the Net.
10:03 of 2nd period - Puck is out of play.
10:04 of 2nd period - Jacob De La Rose wins face-off versus Dylan Strome in Crunch zone.
10:25 of 2nd period - Mitch Callahan is hit by Kevan Miller and loses puck.
10:34 of 2nd period - Wrist shot by T.J. Tynan.
10:34 of 2nd period - Goal by T.J. Tynan - Rampage : 3 - Crunch : 3.
10:35 of 2nd period - Elias Lindholm wins face-off versus Christoffer Ehn in neutral zone.
10:38 of 2nd period - Slapshot by Martin Marincin.
10:38 of 2nd period - Stopped by Kaapo Kahkonen without a rebound.
10:39 of 2nd period - Elias Lindholm wins face-off versus Christoffer Ehn in Crunch zone.
10:42 of 2nd period - Wrist shot by Roope Hintz.
10:42 of 2nd period - Deflect By Timo Meier.
10:42 of 2nd period - Shot Hit the Post.
10:42 of 2nd period - Puck is out of play.
10:43 of 2nd period - Elias Lindholm wins face-off versus Christoffer Ehn in Crunch zone.
10:50 of 2nd period - Christoffer Ehn is hit by Tony DeAngelo and loses puck.
11:08 of 2nd period - Off-side.
11:09 of 2nd period - Anthony Cirelli wins face-off versus Jack Roslovic in neutral zone.
11:53 of 2nd period - Wrist shot by Jacob De La Rose.
11:53 of 2nd period - Stopped by Kaapo Kahkonen with a rebound.
12:17 of 2nd period - Snap shot by Nicolas Aube-Kubel.
12:17 of 2nd period - Stopped by Elvis Merzlikins with a rebound.
12:19 of 2nd period - Snap shot by Anthony Cirelli.
12:19 of 2nd period - Shot Blocked by Roland McKeown.
12:21 of 2nd period - Snap shot by Nicolas Aube-Kubel.
12:21 of 2nd period - Stopped by Elvis Merzlikins without a rebound.
12:22 of 2nd period - Jack Roslovic wins face-off versus William Nylander in Rampage zone.
12:22 of 2nd period - Jack Roslovic is hit by Noah Hanifin.
12:44 of 2nd period - Minor Penalty to Jordan Oesterle for Hooking.
12:45 of 2nd period - William Nylander wins face-off versus Jack Roslovic in Crunch zone.
12:49 of 2nd period - Off-side.
12:50 of 2nd period - Jack Roslovic wins face-off versus William Nylander in neutral zone.
13:49 of 2nd period - Jack Roslovic is hit by Teemu Hartikainen and loses puck.
14:34 of 2nd period - Tony DeAngelo is hit by Teemu Hartikainen and loses puck.
14:44 of 2nd period - Penalty to Jordan Oesterle is over, Jordan Oesterle is back on ice.
14:45 of 2nd period - Tony DeAngelo is hit by Brock Boeser and loses puck.
15:09 of 2nd period - Jacob De La Rose is hit by Jordan Oesterle and loses puck.
15:20 of 2nd period - Brock Boeser is hit by Kevan Miller and loses puck.
15:37 of 2nd period - Martin Frk is hit by Jacob Larsson and loses puck.
15:46 of 2nd period - Sean Walker is hit by Roland McKeown and loses puck.
15:53 of 2nd period - Slapshot by Martin Marincin.
15:53 of 2nd period - Shot Misses the Net.
15:55 of 2nd period - Snap shot by Jacob De La Rose.
15:55 of 2nd period - Stopped by Kaapo Kahkonen with a rebound.
16:13 of 2nd period - Snap shot by Jacob De La Rose.
16:13 of 2nd period - Stopped by Kaapo Kahkonen with a rebound.
16:29 of 2nd period - Kevin Fiala is hit by Jacob De La Rose and loses puck.
16:34 of 2nd period - Snap shot by Jordan Greenway.
16:34 of 2nd period - Stopped by Kaapo Kahkonen without a rebound.
16:35 of 2nd period - Connor Bunnaman wins face-off versus Elias Lindholm in Crunch zone.
16:43 of 2nd period - Icing by Elias Lindholm.
16:44 of 2nd period - Connor Bunnaman wins face-off versus Timo Meier in Rampage zone.
16:53 of 2nd period - Mitch Callahan is hit by Timo Meier and loses puck.
17:00 of 2nd period - Backhand shot by Timo Meier.
17:00 of 2nd period - Shot Misses the Net.
17:02 of 2nd period - Slapshot by Martin Marincin.
17:02 of 2nd period - Stopped by Kaapo Kahkonen without a rebound.
17:03 of 2nd period - Connor Bunnaman wins face-off versus Jack Roslovic in Crunch zone.
17:03 of 2nd period - Connor Bunnaman is hit by Martin Marincin.
17:42 of 2nd period - Off-side.
17:43 of 2nd period - Christoffer Ehn wins face-off versus T.J. Tynan in neutral zone.
17:55 of 2nd period - Jordan Oesterle is hit by Roland McKeown and loses puck.
18:08 of 2nd period - Noah Hanifin is hit by Roope Hintz and loses puck.
18:52 of 2nd period - Snap shot by Martin Frk.
18:52 of 2nd period - Stopped by Kaapo Kahkonen with a rebound.
18:54 of 2nd period - Snap shot by Jordan Greenway.
18:54 of 2nd period - Deflect By Jacob De La Rose.
18:54 of 2nd period - Shot Blocked by William Nylander.
18:54 of 2nd period - Puck is out of play.
18:55 of 2nd period - Christoffer Ehn wins face-off versus Elias Lindholm in Crunch zone.
19:15 of 2nd period - Off-side.
19:16 of 2nd period - Connor Bunnaman wins face-off versus Jack Roslovic in neutral zone.
19:41 of 2nd period - Collin Miller is hit by William Nylander and loses puck.
Goals for this period are 2 for Rampage vs 0 for Crunch.
Shots for this period are 10 for Rampage vs 4 for Crunch.
3rd period
0:01 of 3rd period - Elias Lindholm wins face-off versus Christoffer Ehn in neutral zone.
0:06 of 3rd period - Christoffer Ehn is hit by Tony DeAngelo and loses puck.
0:33 of 3rd period - Icing by Noah Hanifin.
0:34 of 3rd period - Dylan Strome wins face-off versus Jack Roslovic in Crunch zone.
0:47 of 3rd period - Dalton Smith is hit by Jack Roslovic and loses puck.
1:31 of 3rd period - Snap shot by T.J. Tynan.
1:31 of 3rd period - Deflect By Nicolas Aube-Kubel.
1:31 of 3rd period - Stopped by Kaapo Kahkonen with a rebound.
1:43 of 3rd period - Wrist shot by Martin Frk.
1:43 of 3rd period - Shot Misses the Net.
2:20 of 3rd period - Snap shot by Jordan Greenway.
2:20 of 3rd period - Stopped by Kaapo Kahkonen with a rebound.
2:26 of 3rd period - Jacob De La Rose is hit by Dalton Smith and loses puck.
2:45 of 3rd period - Snap shot by Dylan Strome.
2:45 of 3rd period - Deflect By Dalton Smith.
2:45 of 3rd period - Shot Misses the Net.
2:45 of 3rd period - Puck is out of play.
2:46 of 3rd period - Roope Hintz wins face-off versus Christoffer Ehn in Rampage zone.
2:51 of 3rd period - Snap shot by Brock Boeser.
2:51 of 3rd period - Stopped by Elvis Merzlikins with a rebound.
2:53 of 3rd period - Slapshot by Jeremy Lauzon.
2:53 of 3rd period - Shot Blocked by Martin Marincin.
2:55 of 3rd period - Snap shot by Jeremy Lauzon.
2:55 of 3rd period - Shot Blocked by Timo Meier.
2:57 of 3rd period - Slapshot by Jeremy Lauzon.
2:57 of 3rd period - Shot Misses the Net.
3:01 of 3rd period - Wrist shot by William Nylander.
3:01 of 3rd period - Stopped by Elvis Merzlikins without a rebound.
3:02 of 3rd period - Kirill Kaprizov wins face-off versus Anthony Cirelli in Rampage zone.
3:15 of 3rd period - Slapshot by Petr Straka.
3:15 of 3rd period - Stopped by Kaapo Kahkonen with a rebound.
3:17 of 3rd period - Slapshot by Tony DeAngelo.
3:17 of 3rd period - Deflect By Petr Straka.
3:17 of 3rd period - Shot Misses the Net.
3:17 of 3rd period - Puck is out of play.
3:18 of 3rd period - Christoffer Ehn wins face-off versus Elias Lindholm in Crunch zone.
3:45 of 3rd period - Nicolas Aube-Kubel is hit by Tony DeAngelo and loses puck.
3:52 of 3rd period - Wrist shot by Petr Straka.
3:52 of 3rd period - Deflect By Teemu Hartikainen.
3:52 of 3rd period - Shot Misses the Net.
3:52 of 3rd period - Puck is out of play.
3:53 of 3rd period - Dylan Strome wins face-off versus Jack Roslovic in Crunch zone.
4:24 of 3rd period - Wrist shot by Artturi Lehkonen.
4:24 of 3rd period - Stopped by Kaapo Kahkonen with a rebound.
4:50 of 3rd period - Snap shot by Nicolas Aube-Kubel.
4:50 of 3rd period - Deflect By Tony DeAngelo.
4:50 of 3rd period - Shot Misses the Net.
4:50 of 3rd period - Puck is out of play.
4:51 of 3rd period - Anthony Cirelli wins face-off versus Jack Roslovic in Rampage zone.
5:00 of 3rd period - Slapshot by Teemu Hartikainen.
5:00 of 3rd period - Stopped by Elvis Merzlikins with a rebound.
5:02 of 3rd period - Wrist shot by Anthony Cirelli.
5:02 of 3rd period - Goal by Anthony Cirelli - Rampage : 3 - Crunch : 4.
5:03 of 3rd period - Elias Lindholm wins face-off versus Christoffer Ehn in neutral zone.
5:19 of 3rd period - Minor Penalty to William Nylander for Hooking.
5:20 of 3rd period - Mitch Callahan wins face-off versus Jack Roslovic in Crunch zone.
5:31 of 3rd period - Snap shot by Jack Roslovic.
5:31 of 3rd period - Shot Blocked by Teemu Hartikainen.
5:35 of 3rd period - Slapshot by Jack Roslovic.
5:35 of 3rd period - Stopped by Kaapo Kahkonen with a rebound.
6:28 of 3rd period - Kevan Miller is hit by Mitch Callahan and loses puck.
6:57 of 3rd period - Petr Straka is hit by Noah Hanifin.
7:19 of 3rd period - Penalty to William Nylander is over, William Nylander is back on ice.
7:27 of 3rd period - Snap shot by Artturi Lehkonen.
7:27 of 3rd period - Shot Misses the Net.
7:33 of 3rd period - Wrist shot by William Nylander.
7:33 of 3rd period - Shot Misses the Net.
7:35 of 3rd period - Slapshot by Jacob Larsson.
7:35 of 3rd period - Shot Misses the Net.
8:15 of 3rd period - Kevin Fiala is hit by Elias Lindholm and loses puck.
8:43 of 3rd period - Minor Penalty to Teemu Hartikainen for Hooking.
8:44 of 3rd period - William Nylander wins face-off versus Jack Roslovic in Crunch zone.
9:00 of 3rd period - Minor Penalty to Brendan Guhle for Hooking.
9:01 of 3rd period - William Nylander wins face-off versus Jack Roslovic in Crunch zone.
9:15 of 3rd period - Slapshot by Tony DeAngelo.
9:15 of 3rd period - Deflect By Timo Meier.
9:15 of 3rd period - Shot Blocked by Noah Hanifin.
9:15 of 3rd period - Puck is out of play.
9:16 of 3rd period - William Nylander wins face-off versus Jack Roslovic in Crunch zone.
9:16 of 3rd period - William Nylander is hit by Kirill Kaprizov.
9:26 of 3rd period - Wrist shot by William Nylander.
9:26 of 3rd period - Stopped by Elvis Merzlikins with a rebound.
10:43 of 3rd period - Penalty to Teemu Hartikainen is over, Teemu Hartikainen is back on ice.
11:00 of 3rd period - Penalty to Brendan Guhle is over, Brendan Guhle is back on ice.
11:11 of 3rd period - Slapshot by Dalton Smith.
11:11 of 3rd period - Shot Misses the Net.
11:13 of 3rd period - Slapshot by Brendan Guhle.
11:13 of 3rd period - Stopped by Elvis Merzlikins without a rebound.
11:14 of 3rd period - Dylan Strome wins face-off versus Jacob De La Rose in Rampage zone.
11:17 of 3rd period - Wrist shot by Dalton Smith.
11:17 of 3rd period - Shot Misses the Net.
11:39 of 3rd period - Kevin Fiala is hit by Martin Marincin and loses puck.
13:05 of 3rd period - Noah Hanifin is hit by Martin Marincin and loses puck.
13:12 of 3rd period - Snap shot by Dylan Sikura.
13:12 of 3rd period - Deflect By T.J. Tynan.
13:12 of 3rd period - Shot Misses the Net.
13:12 of 3rd period - Puck is out of play.
13:13 of 3rd period - Elias Lindholm wins face-off versus Christoffer Ehn in Crunch zone.
13:44 of 3rd period - Jacob De La Rose is hit by Jeremy Lauzon.
14:04 of 3rd period - Mitch Callahan is hit by Dylan Sikura and loses puck.
14:23 of 3rd period - Nicolas Aube-Kubel is hit by Timo Meier and loses puck.
14:32 of 3rd period - Roland McKeown is hit by Teemu Hartikainen and loses puck.
14:43 of 3rd period - Wrist shot by William Nylander.
14:43 of 3rd period - Stopped by Elvis Merzlikins with a rebound.
15:03 of 3rd period - Wrist shot by Roland McKeown.
15:03 of 3rd period - Stopped by Kaapo Kahkonen with a rebound.
15:05 of 3rd period - Snap shot by Roland McKeown.
15:05 of 3rd period - Shot Blocked by Noah Hanifin.
15:07 of 3rd period - Snap shot by Martin Frk.
15:07 of 3rd period - Stopped by Kaapo Kahkonen with a rebound.
15:09 of 3rd period - Slapshot by Roland McKeown.
15:09 of 3rd period - Stopped by Kaapo Kahkonen without a rebound.
15:10 of 3rd period - Jacob De La Rose wins face-off versus Dylan Strome in Crunch zone.
15:13 of 3rd period - Snap shot by Martin Frk.
15:13 of 3rd period - Stopped by Kaapo Kahkonen with a rebound.
15:15 of 3rd period - Snap shot by Jacob De La Rose.
15:15 of 3rd period - Shot Misses the Net.
15:17 of 3rd period - Wrist shot by Martin Frk.
15:17 of 3rd period - Stopped by Kaapo Kahkonen without a rebound.
15:18 of 3rd period - Dylan Strome wins face-off versus Elias Lindholm in Crunch zone.
15:18 of 3rd period - Dylan Strome is hit by Martin Marincin.
15:26 of 3rd period - Roope Hintz is hit by Dylan Strome and loses puck.
15:47 of 3rd period - Wrist shot by Jack Roslovic.
15:47 of 3rd period - Shot Blocked by Brendan Guhle.
16:01 of 3rd period - Martin Marincin is hit by William Nylander and loses puck.
16:36 of 3rd period - Wrist shot by Anatoli Golyshev.
16:36 of 3rd period - Deflect By Mitch Callahan.
16:36 of 3rd period - Shot Blocked by Martin Marincin.
16:36 of 3rd period - Puck is out of play.
16:37 of 3rd period - Elias Lindholm wins face-off versus Dylan Strome in Rampage zone.
16:46 of 3rd period - Wrist shot by Timo Meier.
16:46 of 3rd period - Stopped by Kaapo Kahkonen with a rebound.
16:48 of 3rd period - Snap shot by Roope Hintz.
16:48 of 3rd period - Shot Blocked by Dylan Strome.
17:20 of 3rd period - Snap shot by Timo Meier.
17:20 of 3rd period - Deflect By Elias Lindholm.
17:20 of 3rd period - Stopped by Kaapo Kahkonen with a rebound.
17:22 of 3rd period - Snap shot by Roland McKeown.
17:22 of 3rd period - Shot Blocked by Sean Walker.
17:24 of 3rd period - Snap shot by Elias Lindholm.
17:24 of 3rd period - Shot Misses the Net.
17:26 of 3rd period - Snap shot by Roland McKeown.
17:26 of 3rd period - Shot Blocked by Sean Walker.
17:28 of 3rd period - Snap shot by Elias Lindholm.
17:28 of 3rd period - Shot Blocked by Jacob Larsson.
17:42 of 3rd period - Snap shot by Timo Meier.
17:42 of 3rd period - Stopped by Kaapo Kahkonen without a rebound.
17:43 of 3rd period - Christoffer Ehn wins face-off versus Jack Roslovic in Crunch zone.
17:48 of 3rd period - Ethan Bear is hit by Christoffer Ehn and loses puck.
18:09 of 3rd period - Collin Miller is hit by Teemu Hartikainen and loses puck.
18:14 of 3rd period - Snap shot by Teemu Hartikainen.
18:14 of 3rd period - Shot Misses the Net.
18:16 of 3rd period - Slapshot by Jeremy Lauzon.
18:16 of 3rd period - Deflect By Anthony Cirelli.
18:16 of 3rd period - Stopped by Elvis Merzlikins with a rebound.
18:18 of 3rd period - Snap shot by Teemu Hartikainen.
18:18 of 3rd period - Deflect By Martin Frk.
18:18 of 3rd period - Shot Misses the Net.
18:18 of 3rd period - Puck is out of play.
18:19 of 3rd period - Christoffer Ehn wins face-off versus Jack Roslovic in Rampage zone.
18:20 of 3rd period - Snap shot by William Nylander.
18:20 of 3rd period - Stopped by Elvis Merzlikins with a rebound.
18:22 of 3rd period - Slapshot by Brock Boeser.
18:22 of 3rd period - Deflect By Martin Marincin.
18:22 of 3rd period - Stopped by Elvis Merzlikins without a rebound.
18:23 of 3rd period - Jack Roslovic wins face-off versus Christoffer Ehn in Rampage zone.
18:28 of 3rd period - Snap shot by Petr Straka.
18:28 of 3rd period - Shot Blocked by Jordan Oesterle.
18:30 of 3rd period - Slapshot by Kirill Kaprizov.
18:30 of 3rd period - Shot Misses the Net.
18:32 of 3rd period - Slapshot by Petr Straka.
18:32 of 3rd period - Shot Misses the Net.
18:34 of 3rd period - Backhand shot by Jack Roslovic.
18:34 of 3rd period - Stopped by Kaapo Kahkonen with a rebound.
18:36 of 3rd period - Slapshot by Jack Roslovic.
18:36 of 3rd period - Deflect By Kirill Kaprizov.
18:36 of 3rd period - Shot Misses the Net.
18:36 of 3rd period - Puck is out of play.
18:37 of 3rd period - Dylan Strome wins face-off versus Elias Lindholm in Crunch zone.
18:52 of 3rd period - Slapshot by Dylan Strome.
18:52 of 3rd period - Shot Misses the Net.
19:07 of 3rd period - Rampage, Elvis Merzlikins is pulled from the net.
19:15 of 3rd period - Slapshot by Jordan Oesterle.
19:15 of 3rd period - Deflect By William Nylander.
19:15 of 3rd period - Shot Blocked by Martin Marincin.
19:15 of 3rd period - Puck is out of play.
19:16 of 3rd period - Teemu Selanne call a timeout for Rampage.
19:16 of 3rd period - Elvis Merzlikins from Rampage was sent back in the game.
19:16 of 3rd period - Christoffer Ehn wins face-off versus Elias Lindholm in Rampage zone.
19:23 of 3rd period - Wrist shot by Christoffer Ehn.
19:23 of 3rd period - Goal by Christoffer Ehn - Rampage : 3 - Crunch : 5.
19:24 of 3rd period - Jack Roslovic wins face-off versus Dylan Strome in neutral zone.
Goals for this period are 0 for Rampage vs 2 for Crunch.
Shots for this period are 14 for Rampage vs 11 for Crunch.